 Dungeon Crawl Stone Soup version 0.19.0-16-g73b5abf (webtiles) character file.

1211 jplona the Destroyer (level 8, -2/41 HPs)
             Began as a Deep Elf Conjurer on Nov 9, 2016.
             Slain by an orc warrior
             ... wielding a +0 hand axe
              (5 damage)
             ... on level 6 of the Dungeon on Nov 10, 2016.
             The game lasted 01:14:09 (7924 turns).

jplona the Destroyer (Deep Elf Conjurer)            Turns: 7924, Time: 01:14:10

Health: -2/41      AC:  3    Str:  7    XL:     8   Next: 22%
Magic:  2/14       EV: 13    Int: 21    God:
Gold:   257        SH:  0    Dex: 20    Spells: 4 memorised, 2 levels left

rFire  + . .     SeeInvis .     s - +5 spear (freeze)
rCold  . . .     Gourm    .     O - +1 robe {rF+}
rNeg   . . .     Faith    .     (no shield)
rPois  .         Spirit   .     (no helmet)
rElec  .         Reflect  .     (no cloak)
rCorr  +         Harm     .     (no gloves)
MR     .....                    (no boots)
Stlth  +++.......               (no amulet)
                                Q - +5 ring of dexterity
                                p - ring of resist corrosion

@: no status effects
A: no striking features
a: no special abilities


You were on level 6 of the Dungeon.
You were not hungry.

You visited 1 branch of the dungeon, and saw 7 of its levels.

You collected 257 gold pieces.

Inventory:

Hand Weapons
 j - a +2 quarterstaff of chaos
 n - a +0 short sword
 q - a +1 short sword
 s - a +5 spear of freezing (weapon)
 t - a +0 dagger
 v - a +0 shortbow
 x - a +0 dagger
 z - a cursed -2 dagger
 A - a +0 club
 C - a +0 mace
 G - a +0 dagger
 I - a +0 longbow
 U - a +0 dagger
 W - a +0 dagger
 Y - a +0 dagger
Missiles
 d - 9 tomahawks (quivered)
 f - 3 curare-tipped needles
 g - 175 stones
 u - 2 javelins
 S - 37 sling bullets
Armour
 a - a +1 robe of cold resistance
 k - a +0 robe
 y - a +0 cloak
 O - a +1 robe of fire resistance (worn)
Jewellery
 p - a ring of resist corrosion (left hand)
 H - a +4 ring of evasion {unknown}
 Q - a +5 ring of dexterity (right hand)
Wands
 m - a wand of iceblast (6/15)
 D - a wand of flame (11/48)
 E - a wand of heal wounds (0/9)
 X - a wand of flame (8/48)
Scrolls
 e - a scroll of fog {unknown}
 i - a scroll of amnesia
 l - 3 scrolls of remove curse
 o - a scroll of teleportation {unknown}
 r - 3 scrolls of enchant weapon
 F - 2 scrolls of fear {unknown}
 J - a scroll of recharging {unknown}
 L - 2 scrolls of random uselessness {unknown}
 M - a scroll of identify
 R - a scroll of magic mapping {unknown}
Potions
 h - a potion of curing
 w - a potion of magic {unknown}
 B - a potion of heal wounds
 P - a potion of berserk rage {unknown}
Books
 b - a book of Conjurations

   Spells                             Type                      Level
   a - Magic Dart                     Conjuration                  1
   b - Searing Ray                    Conjuration                  2
   c - Dazzling Spray                 Conjuration/Hexes            3
   d - Fulminant Prism                Conjuration/Hexes            4
   e - Iskenderun's Mystic Blast      Conjuration                  4
   f - Iskenderun's Battlesphere      Conjuration/Charms           5
Comestibles
 c - 5 bread rations
 K - 3 meat rations
 N - 3 chunks of flesh


   Skills:
 - Level 0.1 Fighting
 - Level 0.2 Short Blades
 + Level 0.2 Polearms
 - Level 0.4 Throwing
 - Level 2.4 Dodging
 - Level 2.8 Stealth
 - Level 3.1 Spellcasting
 + Level 10.5 Conjurations
 * Level 5.3 Charms


You had 2 spell levels left.
You knew the following spells:

 Your Spells              Type           Power        Failure   Level  Hunger
a - Magic Dart            Conj           ####         1%          1    None
b - Searing Ray           Conj           #####.       1%          2    ##.....
c - Dazzling Spray        Conj/Hex       ####..       4%          3    ###....
d - Iskenderun's Battles  Conj/Chrm      #####...     17%         5    ######.


Dungeon Overview and Level Annotations

Branches:
Dungeon (7/15)
 Temple: D:4-7

Altars:
Ashenzari
Okawaru

Annotations:
D:6 Eustachio
D:7 Dowan, Duvessa


Message History

You barely miss the orc warrior.
The orc warrior is severely wounded.
The orc warrior hits you but does no damage.
You closely miss the orc warrior.
The orc warrior is severely wounded.
The orc warrior completely misses you.
You hit the orc warrior. You freeze the orc warrior.
The orc warrior is severely wounded.
The orc warrior closely misses you.
You hit the orc warrior. You freeze the orc warrior.
The orc warrior is almost dead.
The orc warrior closely misses you.
You hit the orc warrior but do no damage.
The orc warrior is almost dead.
The orc warrior hits you with a hand axe!
* * * LOW HITPOINT WARNING * * *
You hit the orc warrior but do no damage.
The orc warrior is almost dead.
The orc warrior hits you with a hand axe.
You die...

#........o. .
#.......... .
#....<..... .
#.......... .
#.......... (
#........... .
#............ .
#............ .
#..@o......... .
#...................
#...................
#...................
#...................
#...................
#...((..............
#...................
#...............)†..


You could see an orc warrior.

Vanquished Creatures
  A centaur (D:5)
  2 scorpions (D:6)
  3 wights (D:5)
  A bullfrog zombie (D:6)
  2 crimson imps (D:6)
  A quasit (D:6)
  3 hounds
  Crazy Yiuf (D:3)
  3 orc wizards
  2 orc priests
  3 centaur skeletons
  2 iguanas
  5 worker ants
  A killer bee zombie (D:6)
  A worker ant zombie (D:6)
  6 adders
  A howler monkey skeleton (D:4)
  A shadow imp (D:5)
  3 worms
  4 dart slugs
  7 leopard geckos
  23 orcs
  4 bats
  2 giant cockroaches
  17 goblins
  10 hobgoblins
  3 jackals (D:3)
  13 kobolds
  5 ball pythons
  4 frilled lizards
  A giant cockroach zombie (D:6)
  A jackal skeleton (D:4)
  14 rats
150 creatures vanquished.

Notes
Turn   | Place    | Note
-------+----------+-------------------------------------------
     0 | D:1      | jplona the Deep Elf Conjurer began the quest for the Orb.
     0 | D:1      | Reached XP level 1. HP: 10/10 MP: 6/6
   377 | D:1      | Reached XP level 2. HP: 15/15 MP: 6/8
   524 | D:1      | Reached skill level 5 in Conjurations
   762 | D:1      | Reached XP level 3. HP: 19/19 MP: 1/9
  1614 | D:2      | Reached XP level 4. HP: 24/24 MP: 0/10
  1804 | D:2      | Reached skill level 6 in Conjurations
  2120 | D:3      | Found a runed door.
  2204 | D:3      | Learned a level 2 spell: Searing Ray
  2208 | D:3      | Learned a level 3 spell: Dazzling Spray
  2974 | D:4      | Reached XP level 5. HP: 28/28 MP: 6/11
  2978 | D:4      | Reached skill level 7 in Conjurations
  3287 | D:4      | Found a shattered altar of Ashenzari.
  3512 | D:4      | Reached XP level 6. HP: 32/32 MP: 5/12
  3646 | D:4      | Learned a level 5 spell: Iskenderun's Battlesphere
  3751 | D:4      | Reached skill level 8 in Conjurations
  4089 | D:4      | Reached skill level 1 in Charms
  4254 | D:5      | Entered Level 5 of the Dungeon
  4410 | D:5      | Found an iron altar of Okawaru.
  4940 | D:6      | Reached XP level 7. HP: 28/36 MP: 6/13
  5407 | D:6      | Reached skill level 9 in Conjurations
  5480 | D:7      | Noticed Dowan
  5483 | D:7      | Noticed Duvessa
  5487 | D:6      | Upgraded the game from 0.19.0-11-g3fc08b3 to 0.19.0-16-g73b5abf
  6430 | D:6      | Noticed Eustachio
  6556 | D:3      | Noticed Crazy Yiuf
  6561 | D:3      | Killed Crazy Yiuf
  6727 | D:6      | Reached skill level 10 in Conjurations
  6949 | D:6      | Reached XP level 8. HP: 18/41 MP: 0/14
  7440 | D:6      | Reached skill level 5 in Charms
  7924 | D:6      | Slain by an orc warrior

Skill      XL: |  1  2  3  4  5  6  7  8 |
---------------+-------------------------+-----
Conjurations   | 5 6 7 8 10 | 10.5
Charms         | 2 4 5 |  5.3
Fighting       | |  0.1
Short Blades   | |  0.2
Polearms       | |  0.2
Throwing       | |  0.4
Dodging        | |  2.4
Stealth        | |  2.8
Spellcasting   | |  3.1

Action                   |  1- 3 |  4- 6 |  7- 9 || total
-------------------------+-------+-------+-------++-------
Melee: Short sword       |    16 |    13 |    22 ||    51
       Spear             |       |       |    14 ||    14
Throw: Tomahawk          |     7 |     4 |       ||    11
 Cast: Magic Dart        |    77 |   116 |    98 ||   291
       Searing Ray       |       |    10 |    14 ||    24
       Dazzling Spray    |       |       |     3 ||     3
       Iskenderun's Batt |       |       |     1 ||     1
Evoke: Wand              |       |       |     3 ||     3
  Use: Scroll            |       |     6 |     1 ||     7
       Potion            |       |       |     2 ||     2
 Stab: Distracted        |     1 |       |       ||     1
       Sleeping          |     1 |       |       ||     1
  Eat: Chunk             |     2 |     8 |       ||    10
       Meat ration       |       |     1 |     2 ||     3
       Pizza             |       |       |     1 ||     1
Armor: Robe              |     4 |     3 |     5 ||    12
Dodge: Dodged            |    23 |    38 |    56 ||   117
